 Dungeon Crawl Stone Soup version 0.23.2-40-g277498a (webtiles) character file.

Game seed: 9207214384533400018

336 Fang the Skirmisher (level 6, -2/60 HPs)
             Began as a Gargoyle Berserker on Oct 21, 2019.
             Was a Believer of Trog.
             Slain by Edmund
             ... wielding a +3 dire flail of draining
              (11 damage)
             ... on level 4 of the Dungeon.
             The game lasted 00:05:59 (3433 turns).

Fang the Skirmisher (Gargoyle Berserker)            Turns: 3433, Time: 00:06:00

Health: -2/60      AC:  6    Str: 28    XL:     6   Next: 54%
Magic:  0/6        EV: 12    Int:  7    God:    Trog [**....]
Gold:   249        SH:  0    Dex:  9    Spells: 5/5 levels left

rFire    . . .     SeeInvis .   a - +1 battleaxe
rCold    . . .     Gourm    +   (shield currently unavailable)
rNeg     + + .     Faith    .   b - +0 animal skin
rPois    ∞         Spirit   +   (no helmet)
rElec    +         Reflect  .   m - scarf {Spirit}
rCorr    .         Harm     .   (no gloves)
MR       .....                  (no boots)
Stlth    ..........             s - amulet of the gourmand
HPRegen  0.20/turn              g - ring of positive energy
MPRegen  0.10/turn              (no ring)

@: berserking (expiring), very quick
A: negative energy resistance 1, electricity resistance, unbreathing,
petrification resistance, rot immunity, AC +4
a: Berserk, Trog's Hand, Renounce Religion


You were on level 4 of the Dungeon.
You worshipped Trog.
Trog was pleased with you.
You were not hungry.

You visited 2 branches of the dungeon, and saw 5 of its levels.

You collected 249 gold pieces.

Inventory:

Hand Weapons
 a - a +1 battleaxe (weapon)
Armour
 b - a +0 animal skin (worn)
 m - a scarf of spirit shield (worn)
Jewellery
 g - a ring of positive energy (left hand)
 i - an uncursed ring of poison resistance {unknown}
 o - a +4 amulet of reflection
 s - an amulet of the gourmand (around neck)
Wands
 e - a wand of digging (4)
Scrolls
 k - a scroll of enchant armour {unknown}
 n - a scroll of teleportation {unknown}
 p - a scroll of amnesia {unknown}
 q - 2 scrolls of fear {unknown}
 r - 3 scrolls of identify
 u - a scroll of enchant weapon
 v - a scroll of magic mapping {unknown}
 w - a scroll of immolation {unknown}
Potions
 d - 2 potions of flight
 f - a potion of ambrosia {unknown}
 h - 2 potions of cancellation {unknown}
 j - a potion of haste {unknown}
 l - a potion of brilliance {unknown}
 t - a potion of lignification {unknown}
Comestibles
 c - 4 rations


   Skills:
 + Level 4.8 Fighting
 + Level 3.9 Axes
 + Level 4.1 Armour
 + Level 3.0 Dodging


You had 5 spell levels left.
You didn't know any spells.
Your spell library was empty.

Dungeon Overview and Level Annotations

Branches:
Dungeon (4/15)             Temple (1/1) D:4

Altars:
Cheibriados
Kikubaaqudgha
Makhleb
Trog
Vehumet
Wu Jian
Xom
The Shining One

Annotations:
D:4 Edmund, Pikel


Innate Abilities, Weirdness & Mutations

You are resistant to torment.
Your stone body is resilient. (AC +4)
You are immune to poison.
You resist negative energy. (rN+)
You are resistant to electric shocks. (rElec)
You can survive without breathing.
You are immune to petrification.
You are immune to rotting.


Message History

Edmund barely misses you.
You barely miss Pikel. You slash the slave! You barely miss Edmund.
The slave hits you.
* * * LOW HITPOINT WARNING * * *
Pikel hits you but does no damage.
You barely miss Pikel. You closely miss the slave. You closely miss Edmund.
Edmund hits you with a +3 dire flail of draining.
* * * LOW HITPOINT WARNING * * *
The slave barely misses you.
Pikel hits you with a +2 whip of electrocution.
* * * LOW HITPOINT WARNING * * *
You slash Pikel!
Pikel is moderately wounded.
You slash Edmund! You closely miss the slave. Edmund closely misses you.
The slave completely misses you. Pikel barely misses you.
You closely miss Pikel.
Pikel is moderately wounded.
You slash Edmund! You barely miss the slave.
Edmund hits you with a +3 dire flail of draining!
You die...

##.### .# ....# .. #.#.#
.# ###...#### ##.##
.........# #...#
#.##.§...# #...#
..##..§..## #Kp.####.
..##.§....######@[>.....
..##...[..##.....@......
........#....>..........
........#.##...........$
.#.##.#.#.######...####.
.#....(...# #.....
#####.#.### #...###
#####.#.# #...#
......#.# ....


You could see Edmund, Pikel and a slave.

Vanquished Creatures
  Sigmund (D:3)
  3 slaves (D:4)
  Terence (D:3)
  A worker ant (D:4)
  6 adders
  An ooze (D:3)
  The ghost of Nerva the Skirmisher, a weakling DsAK of Lugonu (D:3)
  2 dart slugs (D:2)
  2 worms (D:2)
  4 leopard geckos
  An orc (D:2)
  2 ball pythons
  7 bats
  3 giant cockroaches
  7 goblins
  4 hobgoblins
  A quokka (D:3)
  7 frilled lizards
  9 kobolds (D:1)
  6 rats
69 creatures vanquished.

Notes
Turn   | Place    | Note
-------+----------+-------------------------------------------
     0 | D:1      | Fang the Gargoyle Berserker began the quest for the Orb.
     0 | D:1      | Reached XP level 1. HP: 14/14 MP: 1/1
   428 | D:1      | Reached XP level 2. HP: 19/19 MP: 2/2
   868 | D:1      | Reached XP level 3. HP: 19/23 MP: 3/3
  1544 | D:2      | Reached XP level 4. HP: 28/29 MP: 4/4
  1593 | D:2      | Found a bloodstained altar of Trog.
  1594 | D:2      | Found a radiant altar of Vehumet.
  1651 | D:2      | Found a shimmering altar of Xom.
  1759 | D:2      | Found an ancient bone altar of Kikubaaqudgha.
  1928 | D:2      | Reached ** piety under Trog
  2026 | D:3      | Found a burning altar of Makhleb.
  2073 | D:3      | Noticed Terence
  2088 | D:3      | Killed Terence
  2088 | D:3      | Reached XP level 5. HP: 23/33 MP: 3/5
  2349 | D:3      | Noticed Sigmund
  2355 | D:3      | Killed Sigmund
  2355 | D:3      | Reached XP level 6. HP: 39/39 MP: 6/6
  2406 | D:3      | Found a large runed translucent door.
  2406 | D:3      | Found a large runed translucent door.
  2892 | D:3      | Found a glowing golden altar of the Shining One.
  3303 | D:3      | Noticed Nerva's ghost (weakling DsAK)
  3312 | D:3      | Killed Nerva's ghost
  3391 | D:4      | Found a staircase to the Ecumenical Temple.
  3408 | Temple   | Entered the Ecumenical Temple
  3419 | D:4      | Noticed Pikel
  3419 | D:4      | Noticed a slave
  3419 | D:4      | Noticed a slave
  3419 | D:4      | Noticed a slave
  3419 | D:4      | Noticed a slave
  3419 | D:4      | Noticed Edmund
  3425 | D:4      | Killed a slave
  3426 | D:4      | Killed a slave
  3428 | D:4      | Killed a slave
  3433 | D:4      | Slain by Edmund

Skill      XL: |  1  2  3  4  5  6 |
---------------+-------------------+-----
Axes           | 3 |  3.9
Dodging        | 2 3 |  3.0
Armour         | 3 4 |  4.1
Fighting       | 4 |  4.8

Action                   |  1- 3 |  4- 6 || total
-------------------------+-------+-------++-------
Melee: Hand axe          |   120 |    50 ||   170
       Battleaxe         |       |    84 ||    84
Invok: Berserk           |       |     2 ||     2
  Use: Scroll            |       |     4 ||     4
 Stab: Sleeping          |       |     1 ||     1
  Eat: Chunk             |     2 |    17 ||    19
Armor: Animal skin       |    49 |    49 ||    98
Dodge: Dodged            |   113 |    96 ||   209
Block: Other             |       |     4 ||     4
